 Dungeon Crawl Stone Soup version 0.30-a0-23-ge60ba3568b (webtiles) character file.

Game seed: 16034080372323666991

103 jlumianski the Chopper (level 4, 0/34 HPs)
             Began as a Demonspawn Gladiator on Aug 24, 2022.
             Slain by a gnoll
             ... wielding a +3 spear
              (5 damage)
             ... on level 2 of the Dungeon.
             The game lasted 00:04:34 (1429 turns).

jlumianski the Chopper (Demonspawn Gladiator)       Turns: 1429, Time: 00:04:34

Health: 0/34       AC: 11    Str: 17    XL:     4   Next: 51%
Magic:  4/4        EV:  5    Int:  9    God:
Gold:   12         SH:  0    Dex: 14    Spells: 3/3 levels left

rFire   . . .      SeeInvis +    a - +0 war axe
rCold   . . .      Faith    .    (no shield)
rNeg    . . .      Spirit   .    g - +0 plate armour
rPois   .          Reflect  .    c - +0 helmet
rElec   .          Harm     .    (no cloak)
rCorr   .          Rampage  .    (no gloves)
Will    .....                    (no boots)
Stlth   ..........               (no amulet)
HPRegen 0.11/turn                n - ring of see invisible
MPRegen 0.09/turn                (no ring)

@: no status effects
A: ignite blood 1
a: no special abilities


You were on level 2 of the Dungeon.
You visited 1 branch of the dungeon, and saw 3 of its levels.

You collected 12 gold pieces.

Inventory:

Hand Weapons
 a - a +0 war axe (weapon)
Missiles
 d - 2 throwing nets (quivered)
 e - a javelin
 f - 3 silver javelins
 i - 18 stones
 j - 5 curare-tipped darts
Armour
 b - a +0 leather armour
 c - a +0 helmet (worn)
 g - a +0 plate armour (worn)
Magical Staves
 m - a staff of death
Jewellery
 n - a ring of see invisible (left hand)
Scrolls
 h - 2 scrolls of enchant armour {unknown}
 k - a scroll of identify {unknown}
 l - 4 scrolls of blinking {unknown}
 o - a scroll of vulnerability {unknown}
 p - 2 scrolls of immolation {unknown}


   Skills:
 + Level 2.5 Fighting
 + Level 4.0 Axes
 + Level 1.8 Throwing
 + Level 1.2 Armour
 + Level 3.0 Dodging


You had 3 spell levels left.
You didn't know any spells.
Your spell library was empty.

Dungeon Overview and Level Annotations

Branches:
Dungeon (3/15)

Altars:


Innate Abilities, Weirdness & Mutations

Your demonic aura sometimes causes spilled blood to erupt in flames.


Message History

You slash the orc!
You kill the orc!
Your Axes skill increases to level 4!
You see here a +0 club.
There is a stone staircase leading up here.
You climb upwards.
There is a stone staircase leading down here.
HP restored. 2 gnolls come into view.
The gnoll shouts! x2; You hear a shout!
The gnoll moves out of view.
The gnoll barely misses you.
The gnoll hits you from afar with a +0 spear.
You hit the gnoll.
The gnoll is moderately wounded.
The gnoll barely misses you.
The gnoll hits you from afar with a +0 spear.
You hit the gnoll.
The gnoll is moderately wounded.
The gnoll hits you with a +0 spear. The gnoll barely misses you.
You hit the gnoll.
The gnoll is heavily wounded.
The gnoll hits you but does no damage.
The gnoll is engulfed in blazing flames.
You kill the gnoll!
The gnoll hits you from afar with a +0 spear.
The gnoll hits you with a +0 spear.
The gnoll hits you from afar with a +3 spear.
* * * LOW HITPOINT WARNING * * *
Things that are here:
a +0 spear; 5 gold pieces You hit the gnoll but do no damage.
The gnoll hits you but does no damage.
The gnoll hits you from afar with a +3 spear.
* * * LOW HITPOINT WARNING * * *
You hit the gnoll.
The gnoll is lightly wounded.
The gnoll hits you with a +0 spear.
* * * LOW HITPOINT WARNING * * *
The gnoll hits you from afar with a +3 spear.
You die...

## #.# .. #g# .# #.# .# #.# .#
#####g# .# ########.#...#.###
.# #gg.g...g#........ .######
#g#............###
......####### #@#.#######g####
............####.#.# #S#
.................#.# #g#
#####.#####.######.#######.####
#.#####.######.......>.##.##
#...............########.#.##
#######..######.# #.###.# ##.#
#.# #..#.## #.# #)# #.#.##


You could see 3 gnolls.

Vanquished Creatures
  An orc wizard (D:3)
  A gnoll (D:2)
  3 adders
  2 orcs (D:3)
  2 endoplasms (D:2)
  A giant cockroach (D:2)
  2 goblins (D:1)
  8 hobgoblins
  2 jackals (D:2)
  2 quokkas (D:1)
  3 ball pythons (D:1)
  3 bats (D:2)
  4 frilled lizards
  4 kobolds
  2 rats (D:1)
40 creatures vanquished.

Notes
Turn   | Place    | Note
-------+----------+-------------------------------------------
     0 | D:1      | jlumianski the Demonspawn Gladiator began the quest for the
                  | Orb.
     0 | D:1      | Reached XP level 1. HP: 16/16 MP: 1/1
   265 | D:1      | Gained mutation: Your demonic aura sometimes causes spilled
                  | blood to erupt in flames. [demonic ancestry]
   265 | D:1      | Reached XP level 2. HP: 22/22 MP: 2/2
   288 | D:1      | HP: 1/22 [quokka (4)]
   293 | D:1      | Reached skill level 3 in Axes
  1042 | D:2      | Reached XP level 3. HP: 24/27 MP: 3/3
  1205 | D:2      | Reached skill level 1 in Armour
  1370 | D:3      | Reached XP level 4. HP: 34/34 MP: 4/4
  1379 | D:3      | Reached skill level 4 in Axes
  1429 | D:2      | Slain by a gnoll

Illustrated notes

Levels and vault maps discovered:
D:1:      wander_arrival_abandoned_jail, layout_rooms, minmay_ruptured
D:2:      layout_loops_ring
D:3:      kennysheep_goblin_castle, layout_loops_corners

Skill      XL: |  1  2  3  4 |
---------------+-------------+-----
Dodging        | 3 |  3.0
Axes           | 3 4 |  4.0
Armour         | 1 |  1.2
Fighting       | |  2.5
Throwing       | |  1.8

Action                   |  1- 3 |  4- 6 || total
-------------------------+-------+-------++-------
Melee: War axe           |   101 |     9 ||   110
       Punch             |     1 |       ||     1
Throw: Throwing net      |     1 |       ||     1
Armor: Leather armour    |     9 |       ||     9
       Plate armour      |   105 |     4 ||   109
Dodge: Dodged            |    43 |     4 ||    47

Table legend: (Time is in decaauts)
 A = Elapsed time spent in this place.
 B = Non-inter-level travel time spent in this place.
 C = Inter-level travel time spent in this place.
 D = Time resting spent in this place.
 E = Time spent auto-exploring this place.
 F = Levels seen in this place.
 G = Mean time per level.
                   A        B        C        D        E       F      G
               +--------+--------+--------+--------+--------+-----+--------+
         Total |   1465 |   1465 |      0 |    285 |    630 |   3 |  488.3 |
       Dungeon |   1465 |   1465 |      0 |    285 |    630 |   3 |  488.3 |
               +--------+--------+--------+--------+--------+-----+--------+

Top non-repeatable levels by time:
     D:1: 933 daAuts
     D:2: 399 daAuts
     D:3: 133 daAuts
